 Dungeon Crawl Stone Soup version 0.17-a0-1923-gc35365e (webtiles) character file.

149798 HungrySpirit the Fencer (level 18, -8/147 HPs)
             Began as a Human Berserker on Sept 28, 2015.
             Was a High Priest of Trog.
             Killed from afar by a storm dragon (21 damage)
             ... with a bolt of lightning
             ... on level 15 of the Dungeon.
             The game lasted 01:28:29 (40493 turns).

HungrySpirit the Fencer (Human Berserker)          Turns: 40493, Time: 01:28:29

Health: -8/147     AC: 30    Str: 34    XL:     18   Next: 14%
Magic:  18/18      EV:  8    Int:  3    God:    Trog [*****.]
Gold:   1421       SH:  9    Dex: 20    Spells: 0 memorised, 17 levels left

rFire  . . .     SeeInvis .     y - +4 scimitar (flame)
rCold  + . .     Clarity  +     S - +2 crystal plate armour
rNeg   + + +     SustAt   .     a - +3 buckler of the Spider Nest {rPois}
rPois  +         Gourm    .     l - +0 helmet
rElec  .         Spirit   .     (no cloak)
rCorr  .         Warding  +     g - +0 pair of gloves of the Hills {+Fly Str+5 Int-5}
rMut   .         Stasis   .     Z - +0 pair of boots
MR     ++++.                    G - amulet of warding
Stlth  ..........               R - ring of Jiowabi {rN+ MR+ Str+3 Dex+4}
                                L - ring of Atenn {rC+ rN++ Dex+4}

@: regenerating, incredibly resistant to hostile enchantments, extremely
unstealthy
A: berserk 1, clarity, regeneration 1
a: Burn Spellbooks, Berserk, Trog's Hand, Brothers in Arms, Renounce Religion,
Evoke Flight


You were on level 15 of the Dungeon.
You worshipped Trog.
Trog was extremely pleased with you.
You were hungry.

You visited 3 branches of the dungeon, and saw 27 of its levels.
You visited the Abyss 1 time.
You also visited: Labyrinth and Sewer.

You collected 4014 gold pieces.
You spent 2593 gold pieces at shops.

Inventory:

Hand weapons
 y - a +4 scimitar of flaming (weapon)
 X - a +1 antimagic demon blade
Missiles
 A - 3 tomahawks of returning (quivered)
Armour
 a - the +3 buckler of the Spider Nest (worn) {rPois}
   (You found it on level 5 of the Dungeon)

   It protects you from poison.
 g - the +0 pair of gloves of the Hills (worn) {+Fly Str+5 Int-5}
   (You bought it in a shop on level 4 of the Orcish Mines)

   It affects your strength (+5).
   It affects your intelligence (-5).
   It lets you fly.
 l - a +0 helmet (worn)
 M - a +0 pair of gloves of dexterity
 S - a +2 crystal plate armour (worn)
 Z - a +0 pair of boots (worn)
Jewellery
 c - an uncursed amulet of resist mutation
 h - an uncursed ring of fire
 r - an uncursed amulet of regeneration
 D - an uncursed ring of flight
 G - an amulet of warding (around neck)
 K - an uncursed amulet of clarity
 L - the ring of Atenn (left hand) {rC+ rN++ Dex+4}
   (You found it in a labyrinth)

   [ring of protection from cold]

   It affects your dexterity (+4).
   It protects you from cold.
   It greatly protects you from negative energy.
 R - the ring of Jiowabi (right hand) {rN+ MR+ Str+3 Dex+4}
   (You found it on level 8 of the Lair of Beasts)

   [ring of strength]

   It affects your strength (+3).
   It affects your dexterity (+4).
   It protects you from negative energy.
   It affects your resistance to hostile enchantments.
Magical devices
 I - a wand of teleportation (6)
 N - a wand of hasting (5)
 P - a wand of disintegration (0)
Scrolls
 b - 3 scrolls of enchant armour
 f - a scroll of blinking
 j - 7 scrolls of enchant weapon
 q - 12 scrolls of remove curse
 s - 5 scrolls of noise
 w - 3 scrolls of fog
 C - 4 scrolls of fear
 E - 6 scrolls of recharging
 J - 3 scrolls of identify
 T - 2 scrolls of teleportation
Potions
 d - 4 potions of agility
 e - 16 potions of curing
 i - 2 potions of haste
 k - 4 potions of lignification
 m - a potion of invisibility
 o - 13 potions of heal wounds
 p - 7 potions of might
 u - 4 potions of magic
 v - 3 potions of cancellation
 x - 5 potions of flight
 z - 7 potions of resistance
 U - a potion of cure mutation
 V - 5 potions of brilliance
 Y - a potion of berserk rage
Miscellaneous
 B - a phantom mirror
Comestibles
 t - 10 bread rations
 F - a meat ration


   Skills:
 + Level 14.6 Fighting
 * Level 20.6 Long Blades
 + Level 14.9 Armour
 - Level 2.0 Dodging
 - Level 6.0 Shields


You had 17 spell levels left.
You didn't know any spells.

Dungeon Overview and Level Annotations

Branches:
Dungeon (15/15)            Temple (0/1) D:5            Lair (8/8) D:11
  Swamp (0/4) Lair:3        Snake (0/4) Lair:4        Slime (0/6) Lair:7
    Orc (4/4) D:9             Elf (0/3) Orc:3        Vaults (0/5) D:14
 Depths (0/5) D:15

Altars:
Ashenzari
Cheibriados
Elyvilon
Fedhas
Gozag
Nemelex Xobeh
Qazlal
Ru
Sif Muna
Trog
Vehumet
Xom
Zin
Beogh

Shops:
D:13 !   Orc:4 (([:

Portals:
Trove: D:12 (give +3 ice dragon armour)

Annotations:
Lair:3 exclusion: downstairs


Innate Abilities, Weirdness & Mutations

You tend to lose your temper in combat.
You possess an exceptional clarity of mind.
Your natural rate of healing is unusually fast.


Message History

You hit the storm dragon. You burn the storm dragon.
The storm dragon is almost dead.
Something hits your deep troll.
Your deep troll bites something!
Your deep troll claws something!
Your deep troll barely misses something.
The storm dragon bites you but does no damage.
The storm dragon claws you but does no damage.
The storm dragon tramples you but does no damage.
You hit the storm dragon but do no damage.
The storm dragon is almost dead.
Something barely misses your deep troll.
Something hits your deep troll but does no damage.
Your deep troll bites something!!
Trog accepts your kill.
You feel a bit more experienced.
The storm dragon breathes lightning at you.
The bolt of lightning hits you!
* * * LOW HITPOINT WARNING * * *
The bolt of lightning hits you!
You die...

..###(#'#.##'#'######)#'#.....##§
#..###()(.#.#.#=####(#)###....)≈#
#.#'#..#..#......#(.()..#'....)≈#
...#.###..#.#...#'#..P⌠..#..##(§#
.)#'.#...[#......#..P8P.#).#.(.§#
#.##......#...#.#'#.⌠P...#.#...§#
'##.....[##......#.....)##..(.(≈#
#.########'#######..#.#.##≈≈≈≈§≈#
...#......###.oD@(##'#(##########
#.#'#..##.# #.#T#+#.#.#.#####.###
#..#..#.#.#..##...#......#......#
..#'#)##..#.# ###.#.#...#)#..##.#
...#......#. .#......#%.#.#..
#####.#.#.# #...#.#'#.##..#
######'#'## ##......#......#
≈≈≈##.#.#.########'########.#.#.#
PP≈##.(.)).#......##).....##'#'##


You could see a storm dragon, an orc knight and a friendly deep troll (berserk).

Vanquished Creatures
  Rupert (D:14)
  A sphinx (D:15)
  Agnes (D:14)
  Kirke (D:13)
  Maud (Orc:2)
  2 orc warlords (Orc:4)
  A frost giant (D:14)
  Nessos (Lair:6)
  2 salamander stormcallers
  The ghost of Sagrath01 the Covert, a powerful KoBe of Trog (D:15)
  Snorg (Lair:6)
  A fire dragon (D:15)
  The ghost of Appriser the Grappler, a powerful DrTm of Qazlal (Lair:6)
  A minotaur (Lab)
  Josephine (Lair:6)
  Fannar (D:12)
  A great orb of eyes (D:15)
  11 hydras
  2 deep troll earth magi (D:15)
  8 centaur warriors
  3 tengu warriors (D:14)
  A deep elf knight (D:15)
  Nergalle (D:11)
  6 skeletal warriors
  A fire crab (D:15)
  3 unseen horrors
  A harpy (D:15)
  A deep troll (D:14)
  2 flayed ghosts (D:15)
  A giant orange brain (shapeshifter) (D:11)
  4 lindwurms (Lair:8)
  10 hill giants
  Pikel (D:8)
  A deep elf conjurer (D:15)
  2 wolf spiders (D:14)
  A shining eye (shapeshifter) (D:14)
  3 griffons
  5 wizards
  6 ugly things
  7 cyclopes
  3 manticores
  2 orc sorcerers
  Maurice (D:9)
  4 black mambas
  A guardian serpent (shapeshifter) (D:15)
  Joseph (D:9)
  A spiny frog (shapeshifter) (D:14)
  12 elephants
  Psyche (D:9)
  2 gargoyles
  3 kobold demonologists
  25 spiny frogs
  9 komodo dragons
  3 yaktaurs
  2 efreet (D:15)
  2 fire drakes (Lair:8)
  A deep elf priest (D:15)
  A fire drake (shapeshifter) (D:15)
  5 two-headed ogres
  8 trolls
  A tengu conjurer (D:11)
  A polar bear (Lair:3)
  Grinder (D:5)
  A giant leech (Lair:8)
  2 centaur simulacra (D:15)
  A deep elf mage (D:10)
  8 slime creatures
  3 shadows
  2 redbacks (D:15)
  27 blink frogs
  3 trapdoor spiders (D:15)
  2 wyverns
  2 large abominations (D:9)
  9 wraiths
  3 fire elementals (D:13)
  A hog (D:13)
  20 humans
  A spriggan (D:9)
  28 yaks
  3 mottled dragons
  6 basilisks
  7 wargs
  A steam dragon (Lair:6)
  13 hippogriffs
  2 hungry ghosts
  A naga (Lair:4)
  12 vampire mosquitoes
  A deep elf fighter (D:15)
  5 hell hounds (D:13)
  9 porcupines
  15 wolves
  5 ice beasts
  5 sky beasts
  16 water moccasins
  52 orc warriors
  4 slaves (D:8)
  3 eyes of draining
  A black bear (D:6)
  A wasp (D:13)
  A necrophage (D:15)
  16 ogres
  8 big kobolds
  4 phantoms
  16 centaurs
  17 crocodiles
  51 giant frogs
  A wyvern skeleton (D:13)
  16 killer bees
  A wyvern zombie (D:7)
  A water moccasin skeleton (D:8)
  4 scorpions
  7 wights
  30 orc priests
  2 giant frog zombies
  4 crimson imps
  2 quasits
  2 electric eels
  5 centaur zombies
  20 jellies
  Ijyb (D:2)
  5 centaur skeletons
  9 iguanas
  3 giant frog skeletons
  6 small abominations
  9 worker ants
  Jessica (D:13)
  32 orc wizards
  4 hounds
  14 sheep
  2 hound skeletons
  A worker ant zombie (D:9)
  4 gnolls (D:2)
  92 river rats
  11 adders
  5 shadow imps
  An ufetubus (Abyss:3)
  23 oozes
  2 adder skeletons
  An adder zombie (D:9)
  6 worms
  217 orcs
  4 ball pythons
  6 bats
  8 giant cockroaches
  11 goblins
  15 hobgoblins
  9 jackals
  7 giant geckos
  3 giant newts
  37 kobolds
  4 quokkas
  8 rats
  A bush (Lair:1)
  2 fire vortices
  A fungus (Lair:8)
  A plant (Lair:7)
1239 creatures vanquished.

Vanquished Creatures (collateral kills)
  Azrael (D:13)
  A quicksilver dragon zombie (Abyss:3)
  A vault guard (D:14)
  A catoblepas (D:14)
  9 death yaks (Lair:7)
  A hell knight (Abyss:3)
  An orc high priest (Orc:2)
  Sonja (Orc:3)
  An unseen horror (D:15)
  A hill giant (D:13)
  4 ugly things
  A griffon (Lair:8)
  A cyclops (D:14)
  A slime creature (Lair:7)
  A black mamba (Lair:8)
  8 elephants (Lair:8)
  4 spiny frogs (Lair:8)
  2 small abominations (D:9)
  4 blink frogs (Lair:8)
  A wyvern (D:13)
  A vampire mosquito (Lair:8)
  A chaos spawn (Abyss:3)
  A neqoxec (Abyss:3)
  2 humans (D:14)
  3 large abominations (D:9)
  6 orc warriors
  An ogre (D:14)
  A giant frog (Lair:7)
  A jelly (Lair:7)
  7 river rats (Lair:8)
  6 orcs
75 creatures vanquished.

Vanquished Creatures (others)
  A sky beast (D:15)
  A river rat (Lair:8)
  An orc (Orc:2)
  A bush (Lair:8)
  A fire vortex (D:14)
  49 fungi
  66 plants
120 creatures vanquished.

Grand Total: 1434 creatures vanquished

Notes
Turn   | Place    | Note
--------------------------------------------------------------
     0 | D:1      | HungrySpirit the Human Berserker began the quest for the Orb.
     0 | D:1      | Reached XP level 1. HP: 18/18 MP: 1/1
   128 | D:1      | Reached XP level 2. HP: 24/24 MP: 2/2
   522 | D:1      | Acquired Trog's second power
   522 | D:1      | Reached skill level 4 in Long Blades
   522 | D:1      | Reached XP level 3. HP: 29/29 MP: 3/3
   922 | D:2      | Found a stormy altar of Qazlal.
   931 | D:2      | Found a glowing silver altar of Zin.
  1270 | D:2      | Reached XP level 4. HP: 35/35 MP: 4/4
  1287 | D:2      | Reached skill level 5 in Long Blades
  1606 | D:2      | Found a faded altar to an unknown god.
  1633 | D:2      | Noticed Ijyb
  1642 | D:2      | Killed Ijyb
  1642 | D:2      | Reached XP level 5. HP: 41/41 MP: 5/5
  1704 | D:2      | Found a shimmering altar of Xom.
  1712 | D:2      | Found a shimmering altar of Xom.
  1712 | D:2      | Found a shimmering altar of Xom.
  1712 | D:2      | Found a shimmering altar of Xom.
  1713 | D:2      | Found a shimmering altar of Xom.
  1713 | D:2      | Found a shimmering altar of Xom.
  1816 | D:2      | Found a snail-covered altar of Cheibriados.
  2188 | D:3      | Found a glowing drain.
  2192 | Sewer    | Entered a sewer
  2241 | Sewer    | Reached skill level 6 in Long Blades
  2241 | Sewer    | Reached XP level 6. HP: 47/47 MP: 6/6
  2371 | Sewer    | Reached skill level 7 in Long Blades
  2371 | Sewer    | Reached XP level 7. HP: 40/52 MP: 7/7
  2955 | Sewer    | Reached skill level 8 in Long Blades
  3381 | D:3      | Acquired Trog's third power
  3817 | D:3      | Received a gift from Trog
  4313 | D:4      | Got a steaming ring mail
  4314 | D:4      | Identified the cursed +0 ring mail of Emytiamye {rC+ SInv} (You found it on level 4 of the Dungeon)
  4561 | D:4      | Reached XP level 8. HP: 26/58 MP: 8/8
  4568 | D:4      | Got a slimy falchion
  4648 | D:4      | Identified the +10 falchion of Calculation {venom, Stlth+} (You found it on level 4 of the Dungeon)
  4748 | D:5      | Entered Level 5 of the Dungeon
  4758 | D:5      | Reached skill level 9 in Long Blades
  5262 | D:5      | Found a staircase to the Ecumenical Temple.
  5319 | D:5      | Noticed Grinder
  5331 | D:5      | Killed Grinder
  5392 | D:5      | Reached skill level 10 in Long Blades
  5392 | D:5      | Reached XP level 9. HP: 56/63 MP: 9/9
  6125 | D:6      | Reached skill level 5 in Armour
  6813 | D:7      | Reached skill level 11 in Long Blades
  7171 | D:7      | Found a bloodstained altar of Trog.
  7227 | D:7      | Found an opulent altar of Gozag.
  7310 | D:7      | Reached XP level 10. HP: 73/73 MP: 10/10
  7851 | D:7      | Reached skill level 5 in Fighting
  7996 | D:8      | Found a sacrificial altar of Ru.
  8156 | D:8      | Noticed Pikel
  8172 | D:8      | Killed Pikel
  8172 | D:8      | Reached skill level 12 in Long Blades
  9426 | D:9      | Noticed Maurice
  9442 | D:9      | Killed Maurice
  9860 | D:9      | Noticed Psyche
  9874 | D:9      | Killed Psyche
  9889 | D:9      | Reached skill level 1 in Shields
 10023 | D:9      | Reached XP level 11. HP: 80/83 MP: 11/11
 10296 | D:9      | Found a sparkling altar of Nemelex Xobeh.
 10451 | D:9      | Found a staircase to the Orcish Mines.
 10537 | D:9      | Noticed a wizard
 10544 | D:9      | Killed a wizard
 10544 | D:9      | Reached skill level 13 in Long Blades
 10669 | D:9      | Noticed Joseph
 10688 | D:9      | Killed Joseph
 10908 | D:9      | Found an opulent altar of Gozag.
 10936 | D:9      | Noticed a large abomination
 10951 | D:9      | Killed a large abomination
 11360 | D:9      | Identified the Volume of Doomed Shape Shifting
 11615 | D:10     | Entered Level 10 of the Dungeon
 11762 | D:10     | You fall through a shaft for 3 floors!
 11880 | D:13     | Noticed a griffon
 11924 | D:13     | Killed a griffon
 11996 | D:13     | Noticed Azrael
 12038 | D:13     | Killed Azrael
 12043 | D:13     | Reached XP level 12. HP: 36/92 MP: 12/12
 12462 | D:13     | Noticed a hill giant
 12474 | D:13     | Killed a hill giant
 12726 | D:13     | Reached skill level 14 in Long Blades
 12879 | D:12     | Found a portal to a secret trove of treasure.
 12999 | D:11     | Found a staircase to the Lair.
 13405 | D:11     | Reached skill level 5 in Shields
 13492 | D:11     | Noticed a centaur warrior
 13502 | D:11     | Killed a centaur warrior
 13530 | D:11     | Noticed Nergalle
 13540 | D:11     | Noticed a skeletal warrior
 13540 | D:11     | Noticed a skeletal warrior
 13618 | D:11     | Killed Nergalle
 13626 | D:11     | Killed a skeletal warrior
 13633 | D:11     | HP: 4/94 [mottled dragon (1)]
 14680 | D:10     | Noticed a hill giant
 14688 | D:10     | Killed a hill giant
 15045 | D:11     | Reached XP level 13. HP: 101/101 MP: 13/13
 15842 | D:11     | Reached skill level 15 in Long Blades
 16235 | D:11     | Noticed a skeletal warrior
 16245 | D:11     | Killed a skeletal warrior
 16262 | D:11     | Killed a skeletal warrior
 16262 | D:11     | Reached skill level 10 in Armour
 16420 | Lair:1   | Entered Level 1 of the Lair of Beasts
 17055 | Lair:1   | Reached skill level 10 in Fighting
 17415 | Lair:2   | Received a gift from Trog
 17424 | Lair:2   | Got an ebony scimitar {god gift}
 17425 | Lair:2   | Identified the +2 scimitar "Gogroll" {distort, rN+ MR+++ Str-4} (Trog gifted it to you on level 2 of the Lair of Beasts)
 18139 | Lair:3   | Found a staircase to the Swamp.
 19658 | Lair:3   | Reached skill level 16 in Long Blades
 19749 | Lair:4   | Reached XP level 14. HP: 94/111 MP: 14/14
 20143 | Lair:4   | Found a staircase to the Snake Pit.
 21124 | Lair:5   | Found a white marble altar of Elyvilon.
 22089 | Lair:6   | Noticed Snorg
 22106 | Lair:6   | Killed Snorg
 22399 | Lair:6   | Noticed Nessos
 22408 | Lair:6   | Killed Nessos
 22506 | Lair:6   | Noticed Josephine
 22513 | Lair:6   | Killed Josephine
 22868 | Lair:6   | Found a stormy altar of Qazlal.
 22924 | Lair:6   | Noticed Appriser's ghost (powerful DrTm)
 22935 | Lair:6   | Killed Appriser's ghost
 23034 | Lair:6   | Reached skill level 17 in Long Blades
 24186 | Lair:7   | Received a gift from Trog
 24313 | Lair:7   | Found a staircase to the Slime Pits.
 24858 | Lair:7   | Reached XP level 15. HP: 80/120 MP: 15/15
 25397 | Lair:8   | Entered Level 8 of the Lair of Beasts
 25963 | Lair:8   | Received a gift from Trog
 25969 | Lair:8   | Got an iridescent long sword {god gift}
 26234 | Lair:7   | Identified the +7 long sword of Trog's Whim {venom, rC+ Str+4} (Trog gifted it to you on level 8 of the Lair of Beasts)
 26571 | Lair:8   | Reached skill level 18 in Long Blades
 27416 | Lair:8   | Received a gift from Trog
 28250 | Lair:8   | Got a steaming copper ring
 28281 | Lair:8   | Identified the ring of Jiowabi {rN+ MR+ Str+3 Dex+4} (You found it on level 8 of the Lair of Beasts)
 28511 | Orc:1    | Entered Level 1 of the Orcish Mines
 28785 | Orc:2    | Noticed Sonja
 28907 | Orc:1    | Reached XP level 16. HP: 106/129 MP: 16/16
 29384 | Orc:2    | Noticed Maud
 29394 | Orc:2    | Killed Maud
 29539 | Orc:2    | Found a roughly hewn altar of Beogh.
 29847 | Orc:2    | Received a gift from Trog
 29968 | Orc:3    | Found a staircase to the Elven Halls.
 30181 | Orc:3    | Found a bloodstained altar of Trog.
 30310 | Orc:3    | Cast into the Abyss (Sonja)
 30369 | Abyss:3  | Found a corrupted altar of Lugonu.
 30584 | Orc:3    | Escaped the Abyss
 30636 | Orc:3    | Killed Sonja
 30996 | Orc:4    | Entered Level 4 of the Orcish Mines
 31038 | Orc:4    | Received a gift from Trog
 31106 | Orc:4    | Found a labyrinth entrance.
 31110 | Lab      | Entered a labyrinth
 31509 | Lab      | Found an exit through the horrors of the Abyss.
 31669 | Lab      | Got a brightly glowing bronze ring
 31672 | Lab      | Identified the ring of Atenn {rC+ rN++ Dex+4} (You found it in a labyrinth)
 31961 | Orc:4    | Found a roughly hewn altar of Beogh.
 31961 | Orc:4    | Found Gedu's Book Shoppe.
 32776 | Orc:4    | Found a roughly hewn altar of Beogh.
 32991 | Orc:4    | Found a roughly hewn altar of Beogh.
 33504 | Orc:4    | Received a gift from Trog
 33681 | Orc:4    | Found Yhetreph's Antique Weapon Shop.
 33682 | Orc:4    | Found a roughly hewn altar of Beogh.
 33685 | Orc:4    | Found Huvain's Antique Armour Boutique.
 33780 | Orc:4    | Found a roughly hewn altar of Beogh.
 33846 | Orc:4    | Found a roughly hewn altar of Beogh.
 33854 | Orc:4    | Found Vuphoc's Antique Weapon Emporium.
 34118 | Orc:4    | Bought a pair of brightly glowing gloves for 332 gold pieces
 34118 | Orc:4    | Bought a glowing plate armour for 805 gold pieces
 34138 | Orc:4    | Identified the +0 pair of gloves of the Hills {+Fly Str+5 Int-5} (You bought it in a shop on level 4 of the Orcish Mines)
 34155 | Orc:4    | Bought a scorched falchion for 232 gold pieces
 34155 | Orc:4    | Identified the cursed +0 falchion "Yreima" {venom, rF+} (You bought it in a shop on level 4 of the Orcish Mines)
 34314 | D:12     | Noticed an eight-headed hydra
 34323 | D:12     | Killed a three-headed hydra
 34973 | D:5      | Got a slimy buckler
 34984 | D:5      | Identified the +3 buckler of the Spider Nest {rPois} (You found it on level 5 of the Dungeon)
 35105 | D:12     | Noticed Fannar
 35114 | D:12     | Killed Fannar
 35404 | D:12     | Reached skill level 19 in Long Blades
 35414 | D:12     | Noticed a four-headed hydra
 35421 | D:12     | Killed a one-headed hydra
 35767 | D:13     | Noticed a centaur warrior
 35778 | D:13     | Killed a centaur warrior
 35796 | D:13     | Found a shattered altar of Ashenzari.
 35834 | D:13     | Noticed Kirke
 35845 | D:13     | Killed Kirke
 35960 | D:13     | Noticed Jessica
 35969 | D:13     | Killed Jessica
 35974 | D:13     | Found a deep blue altar of Sif Muna.
 36083 | D:13     | Noticed a centaur warrior
 36089 | D:13     | Killed a centaur warrior
 36219 | D:13     | Found Tyugiud's Distillery.
 36227 | D:13     | Bought a potion of resistance for 170 gold pieces
 36227 | D:13     | Bought a potion of magic for 136 gold pieces
 36227 | D:13     | Bought a potion of heal wounds for 85 gold pieces
 36227 | D:13     | Bought a potion of cure mutation for 595 gold pieces
 36227 | D:13     | Bought a potion of heal wounds for 85 gold pieces
 36227 | D:13     | Bought a potion of curing for 51 gold pieces
 36227 | D:13     | Bought a potion of curing for 51 gold pieces
 36227 | D:13     | Bought a potion of curing for 51 gold pieces
 36385 | D:14     | Noticed Agnes
 36424 | D:14     | Killed Agnes
 36845 | D:14     | Found a gate to the Vaults.
 36864 | D:14     | Reached XP level 17. HP: 54/138 MP: 17/17
 37780 | D:14     | Identified a scroll of acquirement
 37965 | D:14     | Received a gift from Trog
 38247 | D:14     | Noticed Rupert
 38281 | D:14     | Killed Rupert
 38633 | D:14     | Gained mutation: You tend to lose your temper in combat. [potion of mutation]
 38633 | D:14     | Gained mutation: You possess an exceptional clarity of mind. [potion of mutation]
 38633 | D:14     | Gained mutation: Your natural rate of healing is unusually fast. [potion of mutation]
 38645 | D:15     | Entered Level 15 of the Dungeon
 38910 | D:15     | Found a sacrificial altar of Ru.
 38917 | D:15     | Found a blossoming altar of Fedhas.
 38917 | D:15     | Found a radiant altar of Vehumet.
 38931 | D:15     | Reached skill level 20 in Long Blades
 39135 | D:15     | Found a staircase to the Depths.
 39398 | D:15     | Noticed Sagrath01's ghost (powerful KoBe)
 39414 | D:15     | Killed Sagrath01's ghost
 39531 | D:15     | Noticed a sphinx
 39539 | D:15     | Killed a sphinx
 40054 | D:15     | Reached XP level 18. HP: 147/147 MP: 18/18
 40068 | D:15     | Identified the Disquisition on Darkness
 40377 | D:15     | Received a gift from Trog
 40493 | D:15     | Killed from afar by a storm dragon

Vault maps used:
D:1:      dpeg_arrival_windows_large_door
D:2:      xom_redecorated, amethyst_overflow_temple_binary, ecumenical_altar_2,
          first_bread, cheibriados_altar_1, uniq_iyjb
D:3:      gup_sewer_entry_bowl
D:5:      temple_green, grunt_ministairs_13, uniq_grinder
D:7:      kennysheep_mini, bloody_trog
D:8:      lemuel_round_altar, uniq_pikel
D:9:      nemelex_deck, david_orc_3, basic_altar, the_bakery, laboratory,
          uniq_maurice, uniq_psyche, uniq_joseph
D:11:     minmay_imperfect_grid, erik_lair_orcish_takeover, uniq_nergalle
D:12:     boulder_corridor_run, enter_trove_6, uniq_fannar
D:13:     lemuel_slime, basic_altar, serial_shops, shop, tgw_sif, uniq_kirke,
          uniq_azrael
D:14:     evilmike_diamond_1, grunt_vaults_entry_tiered, serial_bayou_shore_b,
          uniq_rupert, uniq_agnes
D:15:     hangedman_slaughterboxes
Lair:1:   minmay_hedge_maze
Lair:2:   grunt_megastairs_1, serial_bayou_shore_a
Lair:3:   minmay_swamp_entry_eels
Lair:4:   guppyfry_snake_entry_island, infiniplex_staircase_pool
Lair:5:   basic_altar, minmay_holes, nicolae_quartered_pool_medium, st_stairs_10
Lair:6:   basic_altar, bh_autumn_forest_stairs, uniq_snorg, uniq_nessos,
          uniq_josephine
Lair:7:   minmay_slime_entry_pillars
Lair:8:   minmay_lair_end_frog_pond, minmay_lindwurm_lava, serial_bayou_shore_b
Orc:2:    kennysheep_orc_chapel, uniq_maud, uniq_sonja
Orc:3:    nicolae_orc_pool_cavern, trog_hazing_becter
Orc:4:    grunt_orc_community_town_hall, grunt_orc_community_big_house_1,
          grunt_orc_community_big_house_1, grunt_orc_community_house_2,
          grunt_orc_community_house_2, grunt_orc_community_house_3,
          grunt_orc_community_house_2, grunt_orc_community_house_1,
          lab_entry_generic, nicolae_orc_damp_corner
Abyss:1:  hangedman_stitches_earthworm
Abyss:3:  minivault_25
Lab:      labyrinth_mini_lab, labyrinth_fake_exit, nicolae_lab_do_over
Sewer:    sewer_co_tree

Action                   |  1- 3 |  4- 6 |  7- 9 | 10-12 | 13-15 | 16-18 || total
-------------------------+-------+-------+-------+-------+-------+-------++-------
Melee: Falchion          |    87 |   148 |   390 |   647 |   200 |       ||  1472
       Scimitar          |       |       |       |       |  1249 |  1483 ||  2732
       Long sword        |       |       |       |       |    35 |       ||    35
Throw: Stone             |       |     1 |       |       |       |       ||     1
       Tomahawk          |       |       |       |       |     4 |       ||     4
Invok: Berserk           |     2 |     2 |     1 |    14 |    16 |    13 ||    48
       Trog's Hand       |       |       |     1 |     2 |     9 |     8 ||    20
       Brothers in Arms  |       |       |       |     8 |    10 |    11 ||    29
Evoke: Wand              |       |       |       |     1 |     3 |     3 ||     7
  Use: Scroll            |       |       |     2 |    28 |     9 |     6 ||    45
       Potion            |       |       |       |     5 |     3 |     4 ||    12
 Stab: Sleeping          |     3 |       |    10 |    10 |     7 |       ||    30
       Distracted        |     1 |       |     1 |     2 |     1 |     4 ||     9
  Eat: Bread ration      |     1 |       |       |     2 |     1 |     5 ||     9
       Chunk             |       |     3 |    10 |    12 |    30 |    20 ||    75
       Pizza             |       |     1 |       |       |     1 |     2 ||     4
       Meat ration       |       |       |     1 |     3 |     4 |     3 ||    11
       Fruit             |       |       |     5 |     3 |     4 |       ||    12
       Beef jerky        |       |       |       |     1 |     4 |       ||     5
